Map: Neon Violet Square LE

Players

Scarlett

  • Race: Zerg Zerg
  • League: Master
  • Spawn Location: 5:00

Neeb - Winner!

  • Race: Protoss Protoss
  • Spawn Location: 11:00

VOD

Have the link to the VOD?

Description

Time

  • Played on: Feb. 1, 2018, 5:41 p.m.
  • Length: 14:58
Show
View Real Time Build Order
Export as new Build Order

Scarlett Zerg 

Build Orders: Hatch First, Lurkers 

Get SALT Encoding   

  12  0:00  Drone  
  13  0:13  Overlord  
  13  0:18  Drone  
  14  0:31  Drone  
  14  0:32  Drone  
  16  0:37  Drone  
  17  0:52  Hatchery  
  17  0:56  Drone  
  17  0:58  Drone  
  18  1:10  Extractor  
  17  1:13  Spawning Pool  
  17  1:17  Drone  
  17  1:20  Drone  
  18  1:29  Drone  
  20  1:40  Drone  
  20  1:50  Overlord  
  20  2:02  Queen  
  20  2:04  Queen  
  20  2:05  Zergling x4  
  26  2:09  Metabolic Boost  
  26  2:16  Drone x2  
  26  2:22  Drone  
  29  2:27  Drone  
  30  2:35  Drone  
  31  2:38  Drone  
  31  2:40  Queen  
  34  2:49  Hatchery  
  33  2:54  Overlord  
  33  2:57  Drone  
  34  3:04  Zergling x4  
  36  3:15  Drone x5  
  41  3:22  Overlord  
  41  3:28  Spore Crawler  
  41  3:33  Overlord  
  40  3:35  Drone x2  
  40  3:39  Queen  
  44  3:42  Extractor  
  44  3:43  Drone  
  44  3:44  Drone x3  
  44  3:46  Drone  
  48  3:48  Drone x2  
  50  3:56  Lair  
  50  3:59  Spore Crawler  
  50  4:01  Drone  
  50  4:04  Drone  
  50  4:06  Zergling x2  
  52  4:10  Extractor  
  52  4:13  Drone x4  
  55  4:17  Queen  
  55  4:20  Spore Crawler  
  56  4:24  Drone x2  
  56  4:25  Drone  
  56  4:29  Drone x2  
  56  4:31  Drone  
  62  4:33  Overlord  
  62  4:36  Zergling x2  
  63  4:39  Overlord  
  63  4:44  Drone x3  
  66  4:54  Zergling x2  
  66  4:55  Zergling x4  
  66  4:58  Drone x5  
  73  5:03  Hydralisk Den  
  72  5:09  Drone  
  73  5:16  Queen  
  75  5:23  Overlord x2  
  75  5:31  Hydralisk x3  
  75  5:33  Grooved Spines  
  81  5:35  Evolution Chamber  
  81  5:38  Hydralisk  
  80  5:43  Hydralisk x2  
  80  5:44  Hydralisk  
  80  5:46  Hydralisk x4  
  95  5:56  Hydralisk  
  95  5:57  Zergling x10  
  90  6:01  Hydralisk  
  90  6:02  Zergling x4  
  86  6:05  Queen  
  68  6:18  Hydralisk x2  
  68  6:19  Drone x5  
  67  6:31  Drone x4  
  67  6:32  Zerg Missile Weapons Level 1  
  67  6:40  Hatchery  
  67  6:41  Drone  
  67  6:42  Drone  
  68  6:48  Hydralisk, Muscular Augments  
  70  6:55  Hydralisk  
  70  6:56  Drone  
  70  6:57  Drone x3  
  70  6:58  Drone  
  77  7:02  Queen  
  77  7:04  Drone  
  77  7:05  Drone  
  77  7:06  Extractor  
  77  7:08  Drone x2  
  82  7:12  Drone  
  82  7:13  Drone x3  
  86  7:16  Lurker Den  
  86  7:22  Hydralisk  
  85  7:24  Zergling x4  
  85  7:25  Queen  
  89  7:39  Drone  
  89  7:40  Drone  
  89  7:41  Drone x6  
  89  7:43  Extractor  
  96  7:44  Queen, Extractor  
  96  7:48  Overlord  
  96  7:49  Overlord  
  97  7:53  Infestation Pit  
  97  7:54  Evolution Chamber  
  97  7:55  Drone x2  
  97  7:56  Drone x2  
  99  8:01  Overseer  
  99  8:02  Drone  
  100  8:09  Drone  
  100  8:10  Drone x2  
  103  8:20  Hydralisk x2  
  103  8:21  Hydralisk x3  
  103  8:22  Drone x2  
  103  8:23  Drone  
  103  8:24  Extractor  
  103  8:25  Overlord, Extractor  
  114  8:27  Hatchery  
  114  8:28  Overlord  
  114  8:33  Zerg Missile Weapons Level 2  
  114  8:34  Zerg Melee Weapons Level 1  
  113  8:35  Hydralisk  
  113  8:37  Overlord  
  115  8:43  Hive  
  115  8:53  Lurker x2  
  115  8:54  Drone x7  
  115  8:55  Drone x3  
  127  9:04  Hydralisk x4  
  133  9:18  Spine Crawler  
  133  9:19  Drone x3, Extractor  
  133  9:20  Overlord x2  
  133  9:21  Overlord x2  
  133  9:23  Drone x3, Extractor  
  136  9:32  Overlord x3  
  136  9:37  Zergling x10  
  141  9:49  Hydralisk x2  
  141  9:50  Zergling x12  
  151  9:54  Adaptive Talons  
  151  10:01  Adrenal Glands, Hatchery  
  151  10:03  Spire  
  149  10:08  Pneumatized Carapace  
  149  10:09  Overseer x2  
  149  10:17  Zergling x22  
  149  10:19  Lurker x2  
  162  10:25  Lurker x6  
  168  10:30  Zerg Melee Weapons Level 2  
  168  10:35  Hydralisk x3  
  165  10:52  Lurker x8  
  165  10:55  Zergling x22  
  183  11:09  Hydralisk x4  
  183  11:10  Zergling x2  
  183  11:11  Zergling x8  
  196  11:12  Zergling x4  
  196  11:14  Zergling x2  
  199  11:19  Zerg Flyer Weapons Level 1  
  180  11:33  Hydralisk x5  
  180  11:34  Zergling x10  
  180  11:35  Zergling x8  
  180  11:38  Lurker x3  
  193  11:40  Zergling x6  
  196  12:04  Zergling x2  
  196  12:05  Zergling x8  
  189  12:22  Corruptor x7  
  147  12:23  Corruptor x6  
  173  12:32  Overseer  
  173  12:33  Corruptor  
  173  12:34  Corruptor x3  
  181  12:49  Corruptor  
  181  12:50  Corruptor, Hatchery  
  184  12:51  Hydralisk x3  
  184  12:55  Zergling x6  
  177  13:38  Hydralisk x7  
  177  13:39  Zergling x8  
  177  13:40  Zergling x30  
  160  13:55  Hydralisk x8  
  149  14:07  Lurker  
  149  14:08  Lurker x6  
  151  14:10  Hydralisk x5  
  161  14:22  Lurker  
  161  14:23  Lurker x2  
Show
View Real Time Build Order
Export as new Build Order

Neeb Protoss - Winner!

Build Orders: 1 Gate Expand, Oracle Opening, Archon Immortal, Zealot Archon, Archon Drop 

Get SALT Encoding   

  12  0:00  Probe  
  13  0:13  Probe  
  14  0:18  Pylon  
  14  0:25  Probe  
  15  0:30  Assimilator  
  15  0:37  Probe (Chrono Boost)  
  16  0:44  Gateway  
  16  0:49  Probe (Chrono Boost)  
  17  0:54  Probe (Chrono Boost)  
  18  1:05  Probe  
  19  1:17  Probe  
  20  1:25  Nexus  
  20  1:35  Cybernetics Core  
  20  1:38  Probe  
  21  1:47  Assimilator  
  21  1:50  Probe  
  21  1:53  Pylon  
  22  2:02  Probe  
  23  2:10  Adept (Chrono Boost)  
  23  2:14  Probe  
  26  2:23  Stargate  
  26  2:26  Probe (Chrono Boost)  
  26  2:29  Adept  
  27  2:36  Warp Gate  
  29  2:38  Probe (Chrono Boost)  
  29  2:39  Probe (Chrono Boost)  
  31  2:47  Probe x2 (Chrono Boost)  
  33  2:52  Probe (Chrono Boost)  
  33  2:55  Probe  
  33  2:56  Adept  
  37  3:03  Probe  
  38  3:05  Oracle (Chrono Boost)  
  38  3:07  Probe  
  42  3:15  Probe  
  42  3:18  Pylon  
  42  3:19  Probe  
  44  3:25  Assimilator  
  44  3:27  Probe  
  44  3:29  Assimilator  
  44  3:31  Probe  
  46  3:37  Robotics Facility  
  46  3:40  Probe  
  47  3:43  Probe  
  47  3:46  Pylon  
  48  3:50  Twilight Council  
  48  3:52  Probe  
  50  3:55  Probe  
  50  4:01  Gateway  
  50  4:04  Gateway  
  50  4:10  Gateway  
  50  4:11  Probe  
  50  4:13  Probe  
  52  4:23  Pylon  
  52  4:26  Templar Archives, Warp Prism (Chrono Boost)  
  54  4:31  Probe  
  54  4:33  Probe  
  56  4:43  Pylon  
  56  4:44  Probe, Zealot  
  56  4:45  Probe  
  60  4:56  Probe  
  60  4:57  Probe  
  62  5:04  Pylon  
  62  5:07  Pylon  
  62  5:11  High Templar x3  
  62  5:12  Probe, High Templar  
  62  5:13  Probe  
  72  5:16  Archon x2  
  72  5:19  Charge (Chrono Boost)  
  72  5:22  Nexus  
  72  5:23  Pylon  
  72  5:32  Probe x2  
  74  5:44  Probe, Zealot x4  
  74  5:46  Probe  
  84  5:56  Probe  
  85  5:58  Probe  
  85  6:03  Immortal  
  86  6:04  Psionic Storm  
  86  6:06  Zealot x4  
  90  6:14  Probe  
  90  6:15  Probe  
  79  6:27  Probe x2  
  79  6:30  High Templar  
  79  6:31  High Templar x2  
  77  6:38  Forge  
  77  6:39  Probe x2  
  79  6:40  Gateway  
  79  6:41  Assimilator x2  
  79  6:42  Probe  
  79  6:45  Gateway  
  80  6:50  Observer (Chrono Boost), Gateway  
  81  6:55  Probe  
  81  6:56  Probe  
  81  6:58  Protoss Ground Weapons Level 1 (Chrono Boost)  
  81  6:59  Pylon  
  83  7:01  Probe  
  83  7:02  High Templar  
  83  7:03  High Templar  
  83  7:05  Zealot x2  
  92  7:12  Pylon  
  92  7:17  Pylon, Gateway  
  92  7:21  Pylon  
  92  7:22  Immortal (Chrono Boost)  
  92  7:26  Pylon  
  96  7:36  Nexus  
  96  7:40  Probe, Pylon  
  96  7:41  Probe x2  
  99  7:46  Photon Cannon  
  99  7:51  Robotics Facility  
  99  7:55  Immortal  
  103  8:01  Archon  
  103  8:02  High Templar x3  
  109  8:07  High Templar  
  109  8:09  Probe x3  
  114  8:18  Pylon  
  114  8:22  Shield Battery  
  114  8:24  Zealot x2, High Templar x2  
  114  8:25  Assimilator  
  114  8:26  Photon Cannon  
  122  8:29  Assimilator  
  122  8:35  Immortal  
  122  8:37  Immortal  
  122  8:40  Gateway x2  
  122  8:43  Protoss Ground Weapons Level 2 (Chrono Boost)  
  122  8:45  Archon  
  130  8:52  Zealot x2  
  134  9:01  Probe x2  
  134  9:02  Probe  
  131  9:13  Photon Cannon, High Templar x3  
  131  9:14  High Templar  
  131  9:15  Zealot x2  
  143  9:17  Pylon, Archon x2  
  143  9:21  Immortal  
  147  9:27  Gateway  
  147  9:28  Photon Cannon  
  147  9:34  Immortal  
  151  9:44  Fleet Beacon  
  151  9:49  Photon Cannon  
  151  9:52  Zealot x3, Photon Cannon  
  151  9:56  Zealot, High Templar  
  151  9:57  Zealot  
  151  9:58  Oracle (Chrono Boost)  
  166  10:11  Photon Cannon  
  166  10:16  Mothership (Chrono Boost)  
  166  10:20  Stargate  
  166  10:21  Gateway  
  166  10:22  Gateway  
  166  10:26  Stargate  
  172  10:53  Zealot x8  
  172  10:54  Protoss Ground Weapons Level 3 (Chrono Boost)  
  188  10:59  Pylon  
  188  11:00  Pylon  
  188  11:14  Carrier x2 (Chrono Boost)  
  200  11:20  Nexus  
  200  11:22  Pylon  
  200  11:30  Oracle (Chrono Boost)  
  193  11:35  Observer  
  193  11:38  High Templar  
  183  11:45  Observer  
  184  11:49  Photon Cannon  
  184  11:50  Probe, Photon Cannon  
  184  11:51  Probe x2, Photon Cannon  
  184  11:52  Photon Cannon  
  187  11:55  Photon Cannon, Shield Battery  
  187  11:57  Shield Battery  
  187  11:58  Zealot x4  
  193  12:02  Pylon, Zealot  
  193  12:07  Zealot x2  
  191  12:12  Zealot x2  
  145  12:25  Immortal x2 (Chrono Boost)  
  145  12:27  High Templar  
  145  12:28  High Templar x3  
  159  12:32  High Templar  
  159  12:33  High Templar x2  
  159  12:34  Protoss Air Weapons Level 1  
  165  12:38  Archon  
  165  12:40  High Templar x2  
  169  12:46  Archon  
  169  12:54  Assimilator x2  
  169  12:58  Immortal (Chrono Boost)  
  171  13:02  Carrier  
  171  13:05  Zealot x5  
  167  13:30  Zealot x12  
  167  13:31  Observer  
  173  13:48  Probe x3  
  138  13:50  Archon  
  138  13:51  Archon  
  138  13:54  Stalker x4  
  138  13:55  High Templar x2  
  142  13:56  High Templar x4  
  142  14:00  Archon  
  142  14:01  Archon x2  
  148  14:14  Nexus  
  145  14:24  Zealot x4  
  153  14:38  Zealot x6  
Tags
 
Add a new tag
Caveats
  • Supply blocks, unpowered buildings, or Contaminate may cause inaccurate times.
  • Supply counts are checked every 10 seconds.